 Dungeon Crawl Stone Soup version 0.25.1-2-g60ff931df9 (webtiles) character file.

Game seed: 7267661478802762309

46 HawFromDerth the Skirmisher (level 3, -2/33 HPs)
             Began as a Hill Orc Berserker on Aug 20, 2020.
             Was a Believer of Trog.
             Slain by an orc
             ... wielding a +0 falchion
              (3 damage)
             ... on level 3 of the Dungeon.
             The game lasted 00:05:24 (1960 turns).

HawFromDerth the Skirmisher (Hill Orc Berserker)    Turns: 1960, Time: 00:05:26

Health: -2/33      AC:  6    Str: 20    XL:     3   Next: 66%
Magic:  0/3        EV: 11    Int:  7    God:    Trog [**....]
Gold:   63         SH:  0    Dex: 10    Spells: 2/2 levels left

rFire    . . .     SeeInvis .   a - +0 falchion
rCold    . . .     Gourm    .   (no shield)
rNeg     . . .     Faith    .   n - +0 ring mail
rPois    .         Spirit   +   (no helmet)
rElec    .         Reflect  .   g - scarf {+Inv}
rCorr    .         Harm     .   (no gloves)
MR       .....                  b - +0 pair of boots
Stlth    ++........             i - amulet of guardian spirit
HPRegen  0.11/turn              m - ring of stealth
MPRegen  0.08/turn              (no ring)

@: starving
A: no striking features
a: Berserk, Trog's Hand, Renounce Religion, Convert to Beogh, Evoke Invisibility


You were on level 3 of the Dungeon.
You worshipped Trog.
Trog was pleased with you.
You were starving.

You visited 1 branch of the dungeon, and saw 3 of its levels.

You collected 63 gold pieces.

Inventory:

Hand Weapons
 a - a +0 falchion (weapon)
Armour
 b - a +0 pair of boots (worn)
 g - a scarf of invisibility (worn)
 n - a +0 ring mail (worn)
Jewellery
 i - an amulet of guardian spirit (around neck)
 m - a ring of stealth (left hand)
Scrolls
 k - 2 scrolls of identify
 l - a scroll of magic mapping {unknown}
 o - a scroll of fog {unknown}
Potions
 d - a potion of heal wounds
 e - a potion of flight {unknown}
 f - a potion of haste {unknown}
 h - a potion of might {unknown}
 j - 2 potions of curing {unknown}
Comestibles
 c - 3 rations


   Skills:
 + Level 4.1 Fighting
 + Level 4.0 Long Blades
 + Level 2.5 Armour
 + Level 2.1 Dodging
 + Level 0.1 Stealth


You had 2 spell levels left.
You didn't know any spells.
Your spell library was empty.

Dungeon Overview and Level Annotations

Branches:
Dungeon (3/15)

Altars:
Uskayaw


Message History

You hit the orc but do no damage.
The orc priest looks braver for a moment.
The orc hits you with a cursed -1 whip.
You closely miss the orc priest.
The orc priest is heavily wounded.
The orc completely misses you. The orc priest misses you.
The orc barely misses you.
You riposte.
You barely miss the orc.
The orc is severely wounded.
You hit the orc priest.
The orc priest is heavily wounded.
The orc barely misses you.
The orc priest hits you with a +0 dagger.
The orc hits you but does no damage.
You hit the orc priest.
The orc priest is almost dead.
The orc priest invokes the aid of Beogh against you.
Beogh smites you!
* * * LOW HITPOINT WARNING * * *
The orc hits you with a +0 falchion.
You die...

#...... .. #.....
..###..... #
......... .#
.≈....... ..#
≈§§§...o# ...#
≈≈§§..#.# ####....#
≈§§.K.o.## #@o......
≈§..≈.)..###oo......
§≈§§.....o..o.......
≈§≈......o##........
≈≈§§....#.##........
≈≈≈.....#<##........
≈.......####........
......... .........
####.#.## .........


You could see an orc priest and 3 orcs.

Vanquished Creatures
  2 worms (D:2)
  2 dart slugs
  A leopard gecko (D:2)
  An orc (D:3)
  A giant cockroach (D:1)
  A goblin (D:1)
  6 hobgoblins
  6 jackals (D:2)
  3 kobolds
  A quokka (D:2)
  2 bats
  A frilled lizard (D:1)
  4 rats
31 creatures vanquished.

Notes
Turn   | Place    | Note
-------+----------+-------------------------------------------
     0 | D:1      | HawFromDerth the Hill Orc Berserker began the quest for the
                  | Orb.
     0 | D:1      | Reached XP level 1. HP: 19/19 MP: 1/1
   208 | D:1      | You fall into a shaft and drop 1 floor!
   211 | D:2      | Reached XP level 2. HP: 25/27 MP: 2/2
   527 | D:2      | Reached XP level 3. HP: 16/33 MP: 3/3
  1192 | D:2      | Found a hide-covered altar of Uskayaw.
  1496 | D:1      | Reached ** piety under Trog
  1960 | D:3      | HP: 1/33 [orc priest/divine providence (12)]
  1960 | D:3      | Slain by an orc

Illustrated notes

Levels and vault maps discovered:
D:1:      shiori_arrival_elements, layout_basic
D:2:      layout_rooms, lemuel_coloured_pillars_altar,
          corexii_item_surrounded_by_moat
D:3:      layout_basic, lemuel_round_altar, makhleb_heckhound_becter,
          lemuel_crystal_altar, nicolae_qazlal_general_emergency,
          kennysheep_generic_room_3

Skill      XL: |  1  2  3 |
---------------+----------+-----
Fighting       | 4 |  4.1
Dodging        | 2 |  2.1
Long Blades    | 4 |  4.0
Armour         | |  2.5
Stealth        | |  0.1

Action                   || total
-------------------------++-------
Melee: Falchion          ||   103
  Use: Scroll            ||     6
 Stab: Sleeping          ||     1
  Eat: Chunk             ||     1
Armor: Animal skin       ||    12
       Ring mail         ||    14
       Leather armour    ||     1
Dodge: Dodged            ||    98
       Rpst.: Falchion   ||    31
